 Dungeon Crawl Stone Soup version 0.19.4-9-g45fd643 (webtiles) character file.

63 Gorglomux the Magician (level 4, 0/27 HPs)
             Began as a Halfling Wizard on Feb 20, 2017.
             Was a Follower of Elyvilon.
             Slain by an orc
             ... wielding a +0 short sword
              (4 damage)
             ... on level 3 of the Dungeon.
             The game lasted 00:06:29 (2349 turns).

Gorglomux the Magician (Halfling Wizard)            Turns: 2349, Time: 00:06:30

Health: 0/27       AC:  3    Str:  8    XL:     4   Next: 31%
Magic:  0/7        EV: 15    Int: 17    God:    Elyvilon [*.....]
Gold:   208        SH:  0    Dex: 15    Spells: 3 memorised, 1 level left

rFire  . . .     SeeInvis .     C - +0 dagger
rCold  . . .     Gourm    .     a - +0 robe
rNeg   . . .     Faith    .     (shield restricted)
rPois  .         Spirit   .     b - +0 hat
rElec  .         Reflect  .     (no cloak)
rCorr  .         Harm     .     v - +0 pair of gloves
MR     .....                    (no boots)
Stlth  ++........               (no amulet)
                                (no ring)
                                u - +3 ring of dexterity

@: repel missiles
A: mutation resistance 1
a: Lesser Healing, Divine Protection, Renounce Religion


You were on level 3 of the Dungeon.
You worshipped Elyvilon.
Elyvilon was aware of your devotion.
You were hungry.

You visited 1 branch of the dungeon, and saw 3 of its levels.

You collected 208 gold pieces.

Inventory:

Hand Weapons
 l - a +0 whip
 C - a +0 dagger (weapon)
Armour
 a - a +0 robe (worn)
 b - a +0 hat (worn)
 v - a +0 pair of gloves (worn)
Jewellery
 u - a +3 ring of dexterity (left hand)
 x - an uncursed ring of positive energy {unknown}
Scrolls
 e - 2 scrolls of remove curse {unknown}
 k - a scroll of enchant armour {unknown}
 n - a scroll of amnesia {unknown}
 s - 2 scrolls of identify {unknown}
 y - a scroll of blinking {unknown}
 z - a scroll of teleportation {unknown}
 B - a scroll of magic mapping {unknown}
 F - a scroll of recharging {unknown}
Potions
 g - a potion of heal wounds {unknown}
 i - a potion of lignification {unknown}
 j - 4 potions of curing {unknown}
 o - a potion of berserk rage {unknown}
 p - a potion of magic {unknown}
 q - 2 potions of degeneration {unknown}
 A - a potion of haste {unknown}
 E - a potion of flight {unknown}
Books
 c - a book of Minor Magic

   Spells                             Type                      Level
   a - Magic Dart                     Conjuration                  1
   b - Blink                          Translocation                2
   c - Call Imp                       Summoning                    2
   d - Repel Missiles                 Charms/Air                   2
   e - Slow                           Hexes                        2
   f - Conjure Flame                  Conjuration/Fire             3
   g - Mephitic Cloud                 Conjuration/Poison/Air       3
Comestibles
 d - 3 bread rations
 h - a beef jerky
 t - 4 fruits


   Skills:
 - Level 0.3 Fighting
 - Level 2.2 Dodging
 - Level 2.1 Stealth
 - Level 2.4 Spellcasting
 - Level 2.0 Conjurations
   Level 0.7 Summonings
   Level 1.1 Translocations
 + Level 1.7 Air Magic
 + Level 1.5 Poison Magic


You had one spell level left.
You knew the following spells:

 Your Spells              Type           Power        Failure   Level  Hunger
a - Magic Dart            Conj           #...         10%         1    #......
f - Repel Missiles        Chrm/Air       #.....       24%         2    ##.....
m - Mephitic Cloud        Conj/Pois/Air  #.......     30%         3    ###....


Dungeon Overview and Level Annotations

Branches:
Dungeon (3/15)

Altars:
Elyvilon


Innate Abilities, Weirdness & Mutations

You are small and have problems with some larger weapons.
You are somewhat resistant to further mutation.


Message History

Your magical contamination has completely faded away.
There is an open door here.
The orc barely misses you. The orc hits you with a short sword.
* * * LOW HITPOINT WARNING * * *
There is an open door here.
Casting: Magic Dart
Confirm with . or Enter, or press ? or * to list all spells.
Aiming: Mephitic Cloud
Press: ? - help, Shift-Dir - straight line, p - orc
Okay, then.
Casting: Mephitic Cloud
Confirm with . or Enter, or press ? or * to list all spells.
Aiming: Mephitic Cloud
Press: ? - help, Shift-Dir - straight line, p - orc The ball explodes into a vile cloud!
The stinking cloud engulfs the orc.
The orc is heavily wounded.
You hear a shout! x3
The orc hits you with a short sword.
You die...

#...# ### ### #...# #..
..########...##################..
..'..........'...............>#..
..########...##########[##.##....
..########...##########'##.#.....
#.......##...#§§...........#.....
#.#####.######§..................
#.#####.#....§§o@........))......
........#.####.................##
##......#.# #.................#
#......'.# #.................#
#......### ##'###........#...#
#......# #.# #........#..###
#......### #.####.#######..#..
#........#####.#......# ##.#..
######...'.....#......# #.#..


You could see an orc.

Vanquished Creatures
  3 adders
  A dart slug (D:1)
  2 ball pythons
  2 giant cockroaches
  6 goblins
  5 hobgoblins
  4 bats
  5 frilled lizards
  3 kobolds
  3 rats
34 creatures vanquished.

Notes
Turn   | Place    | Note
-------+----------+-------------------------------------------
     0 | D:1      | Gorglomux the Halfling Wizard began the quest for the Orb.
     0 | D:1      | Reached XP level 1. HP: 11/11 MP: 3/3
    44 | D:1      | Reached skill level 1 in Conjurations
   130 | D:1      | Reached XP level 2. HP: 12/17 MP: 0/5
   902 | D:2      | Found a white marble altar of Elyvilon.
   923 | D:2      | Reached XP level 3. HP: 22/22 MP: 1/6
   928 | D:2      | Learned a level 3 spell: Mephitic Cloud
  1091 | D:2      | Became a worshipper of Elyvilon the Healer
  1472 | D:2      | Reached skill level 1 in Air Magic
  1549 | D:2      | Reached skill level 1 in Poison Magic
  1887 | D:3      | Reached * piety under Elyvilon
  1911 | D:3      | Reached XP level 4. HP: 27/27 MP: 0/7
  1981 | D:3      | Learned a level 2 spell: Repel Missiles
  2324 | D:3      | Elyvilon protects you from harm!
  2349 | D:3      | Slain by an orc

Skill      XL: |  1  2  3 |
---------------+----------+-----
Conjurations   | 1 2 |  2.0
Air Magic      | 1 |  1.7
Poison Magic   | 1 |  1.5
Fighting       | |  0.3
Dodging        | |  2.2
Stealth        | |  2.1
Spellcasting   | |  2.4
Summonings     | |  0.7
Translocations | |  1.1

Action                   |  1- 3 |  4- 6 || total
-------------------------+-------+-------++-------
Melee: Unarmed           |     5 |       ||     5
       Whip              |    37 |       ||    37
       Dagger            |     8 |    28 ||    36
 Cast: Magic Dart        |    59 |    23 ||    82
       Mephitic Cloud    |     2 |     2 ||     4
       Repel Missiles    |       |     1 ||     1
 Stab: Sleeping          |     1 |       ||     1
  Eat: Chunk             |     4 |     1 ||     5
Armor: Robe              |    14 |     4 ||    18
Dodge: Dodged            |    54 |    34 ||    88
